 Dungeon Crawl Stone Soup version 0.13.0-3-g966e3ec (webtiles) character file.

242 MackTheKnife the Practitioner (level 4, -3/23 HPs)
             Began as a Spriggan Healer on Oct 13, 2013.
             Was a Believer of Elyvilon.
             Slain by an adder (4 damage)
             ... on Level 4 of the Dungeon.
             The game lasted 00:09:50 (2371 turns).

MackTheKnife the Practitioner (Spriggan Healer)     Turns: 2371, Time: 00:09:50

HP  -3/23        AC  2     Str  8      XL: 4   Next: 42%
MP   4/12        EV 18     Int 14      God: Elyvilon [**....]
Gold 145         SH  0     Dex 15      Spells:  0 memorised,  3 levels left

Res.Fire  : . . .   See Invis. : +   r - +1,+4 orc hand axe (freeze)
Res.Cold  : . . .   Warding    : .   a - +1 robe
Life Prot.: . . .   Conserve   : .   (shield restricted)
Res.Poison: .       Res.Corr.  : .   q - +0 cap
Res.Elec. : .       Clarity    : .   (no cloak)
Sust.Abil.: . .     Spirit.Shd : .   (gloves unavailable)
Res.Mut.  : .       Stasis     : .   (boots unavailable)
Res.Rott. : .       Flight     : .   (no amulet)
Saprovore : . . .                    (no ring)
                                     (no ring)

@: very quick, slightly resistant to hostile enchantments, unstealthy
A: unfitting armour, see invisible, deformed body, herbivore 3, speed 3, slow
metabolism 2, wild magic 1
a: Lesser Healing, Lesser Self-Healing, Divine Protection, Purification,
Renounce Religion


You were on level 4 of the Dungeon.
You worshipped Elyvilon.
Elyvilon was pleased with you.
You were not hungry.

You visited 1 branch of the dungeon, and saw 5 of its levels.

You collected 45 gold pieces.

Inventory:

Hand weapons
 k - a -3,-1 whip
 r - a +1,+4 orcish hand axe of freezing (weapon)
Armour
 a - a +1 robe (worn)
 q - a +0 cap (worn)
Magical devices
 b - a wand of random effects (2)
Comestibles
 j - a choko
 o - a pear
 t - a bread ration
Scrolls
 h - 2 scrolls of remove curse
 n - a scroll of immolation
Jewellery
 g - a -2 ring of strength
 p - an uncursed amulet of resist corrosion {unknown}
Potions
 c - a potion of heal wounds
 d - a potion of porridge
 e - 3 potions of curing
 f - a potion of confusion
 i - a potion of might {unknown}
 l - a potion of experience {unknown}
Books
 m - a book of Hinderance

   Spells                             Type                      Level
   Confusing Touch                    Hexes                        1
   Slow                               Hexes                        2
   Confuse                            Hexes                        3
   Petrify                            Transmutation/Earth          4
   Leda's Liquefaction                Hexes/Earth                  4
   Metabolic Englaciation             Hexes/Ice                    6


   Skills:
 + Level 2.0 Fighting
 - Level 0.1 Maces & Flails
 - Level 3.1 Dodging
 + Level 5.4 Invocations


You had 3 spell levels left.
You didn't know any spells.

Dungeon Overview and Level Annotations

Branches:
Dungeon (5/27)
 Temple: D:4-7

Altars:
Okawaru

Annotations:
D:3 Grinder


Innate Abilities, Weirdness & Mutations

You are tiny and cannot use many weapons and most armour.
You have supernaturally acute eyesight.
You are a herbivore.
You cover ground extremely quickly.
You need consume almost no food.
Armour fits poorly on your strangely shaped body.
Your spells are a little harder to cast, but a little more powerful.


Message History

Heal: an orc wizard, wielding an orcish dagger and wearing an orcish robe The light of Elyvilon fails to reach the orc wizard.
You feel somewhat more hungry.
The orc priest invokes the aid of Beogh against you.
Something smites you!
Use which ability? (? or * to list)
Press: ? - help, Dir - move target cursor, f/p - orc wizard Heal: an orc wizard, wielding an orcish dagger and wearing an orcish robe The light of Elyvilon fails to reach the orc wizard.
You feel somewhat more hungry.
The orc wizard picks up an orcish club.
The orc priest mumbles some strange prayers to Beogh against you.
Something smites you!
* * * LOW HITPOINT WARNING * * *
An adder comes into view.
Use which ability? (? or * to list)
Press: ? - help, Dir - move target cursor, f/p - orc wizard Heal: an orc wizard, wielding an orcish dagger and wearing an orcish robe The light of Elyvilon fails to reach the orc wizard.
You feel somewhat more hungry. The adder bites you.
You die...

########### #.........#
#######.......>#############
.....##....................#
.....##........#.####.####.#
...............#S#..#.#..#
.....##........#@#..'.'..#
.###...........#.#'##.####.
.###<##........#...........
........<......#.#'##.####.
####.####.######.#..#.#
####.####.# #.#..'.'
#.........#### #.####.##'#o
#............###.o....%....
..p...(........#.####.##'#.


You could see an orc wizard and an adder.

Vanquished Creatures
  A crimson imp (D:5)
  A giant mite (D:3)
  An ooze (D:5)
  3 giant cockroaches
  A jackal (D:2)
  A bat (D:3)
  An orc skeleton (D:3)
9 creatures vanquished.

Vanquished Creatures (others)
  An orc (D:4)
  A ball python (D:4)
  A goblin (D:1)
  A giant gecko (D:5)
  2 rats
6 creatures vanquished.

Grand Total: 15 creatures vanquished

Notes
Turn   | Place    | Note
--------------------------------------------------------------
     0 | D:1      | MackTheKnife, the Spriggan Healer, began the quest for the Orb.
     0 | D:1      | Reached XP level 1. HP: 11/11 MP: 3/3
   517 | D:1      | Reached skill level 4 in Invocations
   753 | D:1      | Reached XP level 2. HP: 15/15 MP: 6/6
  1381 | D:3      | Reached XP level 3. HP: 18/18 MP: 9/9
  1533 | D:3      | Found an iron altar of Okawaru.
  1597 | D:3      | Reached skill level 5 in Invocations
  1652 | D:3      | Noticed a necrophage
  1699 | D:3      | Noticed Grinder
  1702 | D:3      | Paralysed by Grinder for 5 turns
  1731 | D:3      | Gained mutation: Armour fits poorly on your strangely shaped body. [potion of mutation]
  1731 | D:3      | Gained mutation: Your spells are a little harder to cast, but a little more powerful. [potion of mutation]
  1736 | D:3      | Elyvilon protects you from harm!
  1738 | D:3      | Paralysed by Grinder for 4 turns
  2028 | D:4      | Noticed a phantom
  2118 | D:5      | Entered Level 5 of the Dungeon
  2306 | D:5      | Reached XP level 4. HP: 17/23 MP: 10/12
  2362 | D:4      | HP: 1/23 [orc priest/divine providence (11)]
  2371 | D:4      | Slain by an adder

Action                   |  1- 3 |  4- 6 || total
-------------------------+-------+-------++-------
Melee: Unarmed           |     6 |       ||     6
       Whip              |    61 |       ||    61
       Hand axe          |    22 |       ||    22
Invok: Lesser Healing    |    56 |    11 ||    67
Evoke: Wand              |     4 |       ||     4
  Use: Scroll            |     8 |       ||     8
       Potion            |     6 |       ||     6
